 Dungeon Crawl Stone Soup version 0.31-a0-177-g4aa6249778 (webtiles) character file.

Game seed: 14319784859285601359

3107 pokeman the Thaumaturge (level 9, -10/51 HPs)
             Began as a Deep Elf Hedge Wizard on June 18, 2023.
             Mangled by a gargoyle
             ... wielding a +1 dire flail of protection
              (23 damage)
             ... on level 7 of the Dungeon.
             The game lasted 00:14:45 (7837 turns).

pokeman the Thaumaturge (Deep Elf Hedge Wizard)     Turns: 7837, Time: 00:14:46

Health: -10/51     AC:  6    Str:  7    XL:     9   Next: 60%
Magic:  19/26      EV: 13    Int: 24    God:
Gold:   338        SH:  0    Dex: 14    Spells: 19/31 levels left

rFire   . . .        B - +4 short sword (elec)
rCold   . . .        (no shield)
rNeg    . . .        C - +0 steam dragon scales
rPois   .            c - +0 hat
rElec   .            v - +0 cloak
rCorr   .            (no gloves)
SInv    .            (no boots)
Will    .....        (no amulet)
Stlth   ++           z - ring of wizardry
HPRegen 0.28/turn    t - ring of flight
MPRegen 0.20/turn

%: wizardry (x1)
@: on blink cooldown, flying
A: no striking features
a: no special abilities


You were on level 7 of the Dungeon.
You visited 2 branches of the dungeon, and saw 8 of its levels.

You collected 338 gold pieces.

Inventory:

Hand Weapons
 B - a +4 short sword of electrocution (weapon)
Armour
 c - a +0 hat (worn)
 v - a +0 cloak (worn)
 y - a +1 robe of fire resistance
 C - +0 steam dragon scales (worn)
Magical Staves
 o - the staff "Juuseq" {*Corrode +Blink Str+6 Earth}
   (You found it on level 3 of the Dungeon)

   [staff of earth]

   Base accuracy: +5 Base damage: 5 Base attack delay: 1.2 This weapon's minimum
   attack delay (0.6) is reached at skill level 12.
   Str:       It affects your strength (+6).
   +Blink:    It lets you blink.
   *Corrode:  It may corrode you when you take damage.
   It falls into the 'Staves' category.
   It is a one-handed weapon.
 s - a staff of earth
 A - a staff of conjuration
Jewellery
 h - a ring of resist corrosion
 l - an amulet of guardian spirit
 p - a +4 ring of slaying
 t - a ring of flight (right hand)
 u - an amulet of regeneration
 z - a ring of wizardry (left hand)
Wands
 n - a wand of charming (4)
Scrolls
 g - 4 scrolls of identify {unknown}
 k - a scroll of teleportation {unknown}
 m - a scroll of summoning {unknown}
 q - a scroll of blinking {unknown}
 x - a scroll of amnesia {unknown}
 D - a scroll of fog {unknown}
 E - a scroll of poison {unknown}
Potions
 a - a potion of heal wounds
 b - a potion of haste {unknown}
 d - a potion of magic
 e - 4 potions of resistance {unknown}
 f - a potion of curing {unknown}
 i - 3 potions of mutation {unknown}
 j - a potion of enlightenment {unknown}
 r - 2 potions of invisibility {unknown}
 w - a potion of degeneration {unknown}


   Skills:
 + Level 3.2 Fighting
 - Level 3.0 Armour
 - Level 3.0 Dodging
 - Level 3.1 Stealth
 * Level 11.8 Spellcasting
 + Level 6.5 Conjurations
 - Level 1.1 Summonings
 - Level 1.1 Translocations
 + Level 5.6 Fire Magic
 - Level 1.0 Air Magic
 - Level 1.1 Earth Magic
 - Level 1.1 Poison Magic
 - Level 1.1 Evocations


You had 19 spell levels left.
You knew the following spells:

 Your Spells              Type           Power      Damage    Failure   Level
a - Magic Dart            Conj           100%       1d8       1%          1
b - Mephitic Cloud        Conj/Pois/Air  28%        N/A       1%          3
c - Call Imp              Summ           38%        N/A       1%          2
d - Blink                 Tloc           38%        N/A       1%          2
e - Sticky Flame          Conj/Fire      43%        2d6       1%          4

Your spell library contained the following spells:

 Spells                   Type           Power      Damage    Failure   Level
 Slow                     Hex            56%        N/A       1%          1
 Cigotuvi's Dreadful Rot  Necr/Pois/Air  34%        N/A       1%          2
 Ignite Poison            Fire/Tmut/Pois 25%        N/A       2%          3
 Call Canine Familiar     Summ           19%        N/A       3%          3
 Portal Projectile        Hex/Tloc       32%        N/A       4%          3
 Manifold Assault         Tloc           19%        N/A       12%         4
 Leda's Liquefaction      Hex/Erth       8%         N/A       14%         4
 Storm Form               Tmut/Air       8%         N/A       100%        7
 Ignition                 Fire           20%        3d7       100%        8


Dungeon Overview and Level Annotations

Branches:
Dungeon (7/15)             Temple (1/1) D:6

Altars:
Cheibriados
Dithmenos
Elyvilon
Gozag
Hepliaklqana
Makhleb
Okawaru
Qazlal
Ru
Sif Muna
Uskayaw
Wu Jian
Xom
Zin
The Shining One

Shops:
D:6 (


Message History

You destroy the gargoyle!
Your Fighting skill increases to level 3!
There is an open door here.
You reach down and close the door.
A gargoyle opens the door.
There is a stone staircase leading up here.
You fly upwards.
There is a stone staircase leading down here.
You start resting.
HP restored.
You fly downwards.
There is a stone staircase leading up here.
Unknown command.
Unknown command.
The gargoyle hits you with a +1 dire flail of protection!
Casting: Sticky Flame (dangerous; 1% risk of failure)
Confirm with . or Enter, or press ? or * to list all spells.
Aiming: Sticky Flame (dangerous; 1% risk of failure)
Press: ? - help, Shift-Dir - straight line, f - gargoyle
Aim: a gargoyle, wielding a +1 dire flail of protection The sticky flame hits the gargoyle but does no damage.
The gargoyle is covered in liquid flames!
The gargoyle burns!
The gargoyle hits you with a +1 dire flail of protection!!
Casting: Sticky Flame (dangerous; 1% risk of failure)
Confirm with . or Enter, or press ? or * to list all spells.
Aiming: Magic Dart (safe; 1% risk of failure)
Press: ? - help, Shift-Dir - straight line, f/p - gargoyle
Aim: a gargoyle, wielding a +1 dire flail of protection (lightly damaged, covered in liquid flames, 100% to hit)
The magic dart hits the gargoyle but does no damage.
The gargoyle is lightly damaged.
The gargoyle burns!
The gargoyle hurls a stone arrow at you.
The stone arrow hits you!
* * * LOW HITPOINT WARNING * * *
Casting: Magic Dart (safe; 1% risk of failure)
Confirm with . or Enter, or press ? or * to list all spells.
You blink.
The gargoyle burns!
The gargoyle hits you with a +1 dire flail of protection!!
You die...

## #.# ># #.# +##
#.# ..# #.#
..######.# ###
...9.....# #<#
+#######.# #ยง# .#
#.# #9# .# #9# #@#
.#######.## #.#
..........# #.#
.......#..# #.#
.##.####..######.##
...........9....^.#
.##.####.######.###
....# #.# #.#
.#######.######)#


You could see a gargoyle (burning).

Vanquished Creatures
  Pikel (D:5)
  A gargoyle (D:7)
  Prince Ribbit (D:6)
  A steam dragon (D:7)
  Menkaure (D:5)
  A water moccasin (D:6)
  A black bear (D:6)
  2 ice beasts (D:6)
  An ogre (D:5)
  2 centaurs
  4 phantoms (D:5)
  Blork the orc (D:5)
  A bullfrog (D:7)
  2 scorpions (D:5)
  5 wights (D:7)
  2 hounds
  An orc priest (D:3)
  A sleepcap (D:6)
  3 iguanas (D:5)
  6 orc wizards
  6 adders
  2 shadow imps
  A worm (D:2)
  4 dart slugs
  17 orcs
  5 endoplasms
  4 giant cockroaches
  7 goblins
  6 hobgoblins
  4 kobolds
  A quokka (D:5)
  7 ball pythons
  3 bats
  4 frilled lizards
  A rat (D:1)
110 creatures vanquished.

Notes
Turn   | Place    | Note
-------+----------+-------------------------------------------
     0 | D:1      | pokeman the Deep Elf Hedge Wizard began the quest for the
                  | Orb.
     0 | D:1      | Reached XP level 1. HP: 10/10 MP: 7/7
   256 | D:1      | Reached XP level 2. HP: 16/16 MP: 4/9
  1336 | D:2      | Reached skill level 5 in Spellcasting
  1336 | D:2      | Reached XP level 3. HP: 13/20 MP: 5/11
  1968 | D:2      | Learned a level 3 spell: Mephitic Cloud
  1971 | D:2      | Learned a level 2 spell: Call Imp
  1974 | D:2      | Learned a level 2 spell: Blink
  2400 | D:3      | Reached skill level 1 in Armour
  2413 | D:3      | Reached skill level 1 in Fighting
  2521 | D:3      | Found a hazy altar of Hepliaklqana.
  2811 | D:3      | Reached XP level 4. HP: 25/25 MP: 8/13
  2887 | D:3      | Found a faded altar of an unknown god.
  2965 | D:3      | Identified the staff "Juuseq" {*Corrode +Blink Str+6 Earth}
  3032 | D:3      | Found a white marble altar of Elyvilon.
  3606 | D:4      | Found a hide-covered altar of Uskayaw.
  3623 | D:4      | Found a glowing golden altar of the Shining One.
  3766 | D:5      | Entered Level 5 of the Dungeon
  3829 | D:5      | Reached skill level 6 in Spellcasting
  3829 | D:5      | Reached XP level 5. HP: 29/29 MP: 8/15
  3881 | D:5      | Noticed an ogre
  3899 | D:5      | Killed an ogre
  3995 | D:5      | Noticed a centaur
  4006 | D:5      | Killed a centaur
  4007 | D:5      | Reached skill level 1 in Air Magic
  4007 | D:5      | Reached skill level 1 in Earth Magic
  4007 | D:5      | Reached skill level 1 in Poison Magic
  4007 | D:5      | Reached skill level 1 in Evocations
  4007 | D:5      | Reached XP level 6. HP: 28/34 MP: 4/17
  4012 | D:5      | Learned a level 4 spell: Sticky Flame
  4319 | D:5      | Reached skill level 7 in Spellcasting
  4319 | D:5      | Reached skill level 1 in Fire Magic
  4463 | D:5      | Reached XP level 7. HP: 17/38 MP: 14/19
  4716 | D:5      | Noticed Blork the orc
  4731 | D:5      | Killed Blork the orc
  4773 | D:5      | Noticed Menkaure
  4783 | D:5      | Killed Menkaure
  4784 | D:5      | Reached skill level 8 in Spellcasting
  5046 | D:5      | Noticed Pikel
  5067 | D:5      | Killed Pikel
  5068 | D:5      | Reached skill level 9 in Spellcasting
  5068 | D:5      | Reached XP level 8. HP: 44/44 MP: 17/23
  5655 | D:6      | Reached skill level 5 in Conjurations
  5841 | D:6      | Found a staircase to the Ecumenical Temple.
  5851 | Temple   | Entered the Ecumenical Temple
  6064 | D:6      | Found a snail-covered altar of Cheibriados.
  6118 | D:6      | Found a sacrificial altar of Ru.
  6178 | D:6      | Reached skill level 10 in Spellcasting
  6317 | D:6      | Noticed Prince Ribbit
  6540 | D:6      | Found Cenlina's Hydra Hut.
  6672 | D:5      | Reached XP level 9. HP: 32/48 MP: 17/25
  6840 | D:6      | Noticed a six-headed hydra
  6856 | D:6      | Killed Prince Ribbit
  6857 | D:6      | Reached skill level 11 in Spellcasting
  7010 | D:6      | Found a shadowy altar of Dithmenos.
  7264 | D:7      | Reached skill level 5 in Fire Magic
  7687 | D:7      | Noticed a gargoyle
  7688 | D:7      | Noticed a gargoyle
  7692 | D:7      | Killed a gargoyle
  7837 | D:7      | Mangled by a gargoyle

Illustrated notes

Levels and vault maps discovered:
D:1:      dpeg_arrival_arbitrary_a, layout_basic
D:2:      layout_basic, minmay_tree_intersection, minivault_26,
          kennysheep_generic_room_13
D:3:      layout_basic, elyvilon_altar_5, nicolae_hepliaklqana_hazy_memory,
          hellmonk_ecumenical_altar_heavens_door
D:4:      layout_rooms, mainiacjoe_overflow_catwalk_spiral
D:5:      layout_basic, uniq_menkaure, uniq_blork_the_orc, uniq_pikel
D:6:      layout_rooms, mainiacjoe_overflow_cross_hatched,
          mainiacjoe_overflow_concentric_impassable,
          nicolae_ru_great_annihilating_truth, minmay_temple_entry_ruins,
          doesnt_shop_hydraphobe, uniq_prince_ribbit1
D:7:      cheibrodos_statue_roulette, layout_basic, yredelemnul_altar_generic,
          nicolae_kikubaaqudgha_miasma_corner
Temple:   hellmonk_temple_beads

Skill      XL: |  1  2  3  4  5  6  7  8  9 |
---------------+----------------------------+-----
Spellcasting   | 5 6 7 9 10 11 | 11.8
Armour         | 1 2 3 |  3.0
Fighting       | 1 2 3 |  3.2
Conjurations   | 2 3 4 5 6 |  6.5
Dodging        | 3 |  3.0
Stealth        | 3 |  3.1
Air Magic      | 1 |  1.0
Earth Magic    | 1 |  1.1
Poison Magic   | 1 |  1.1
Evocations     | 1 |  1.1
Fire Magic     | 1 3 4 5 |  5.6
Summonings     | |  1.1
Translocations | |  1.1

Action                     |  1- 3 |  4- 6 |  7- 9 || total
---------------------------+-------+-------+-------++-------
  Melee: Dagger            |     8 |    12 |     1 ||    21
         Punch             |       |     1 |     1 ||     2
         Long sword        |       |       |    50 ||    50
         Short sword       |       |       |     3 ||     3
   Cast: Magic Dart        |    97 |    79 |   179 ||   355
         Mephitic Cloud    |     1 |     7 |    20 ||    28
         Call Imp          |     1 |       |     1 ||     2
         Blink             |       |     2 |     6 ||     8
         Sticky Flame      |       |       |     9 ||     9
   Stab: Confused          |     1 |     2 |     5 ||     8
         Sleeping          |     1 |       |       ||     1
 Armour: Robe              |     4 |     3 |    20 ||    27
  Dodge: Dodged            |    22 |    27 |    82 ||   131

Table legend: (Time is in decaauts)
 A = Elapsed time spent in this place.
 B = Non-inter-level travel time spent in this place.
 C = Inter-level travel time spent in this place.
 D = Time resting spent in this place.
 E = Time spent auto-exploring this place.
 F = Levels seen in this place.
 G = Mean time per level.
                   A        B        C        D        E       F      G
               +--------+--------+--------+--------+--------+-----+--------+
         Total |   7859 |   7522 |    337 |    537 |   5882 |   8 |  982.4 |
       Dungeon |   7690 |   7424 |    266 |    537 |   5793 |   7 | 1098.6 |
        Temple |    169 |     98 |     71 |      0 |     89 |   1 |  169.0 |
               +--------+--------+--------+--------+--------+-----+--------+

Top non-repeatable levels by time:
     D:5: 1846 daAuts
     D:6: 1250 daAuts
     D:2: 1215 daAuts
     D:1: 1124 daAuts
     D:3: 881 daAuts
     D:4: 878 daAuts
     D:7: 493 daAuts
  Temple: 169 daAuts
